 Dungeon Crawl Stone Soup version 0.29.0-4-gdea44cf6ec (webtiles) character file.

Game seed: 18277396299996087616

2 qw the Sneak (level 1, 0/14 HPs)
             Began as a Gargoyle Delver on Sept 10, 2022.
             Slain by a necrophage (2 damage)
             ... on level 5 of the Dungeon.
             The game lasted 00:00:03 (68 turns).

qw the Sneak (Gargoyle Delver)                        Turns: 68, Time: 00:00:04

Health: 0/14       AC:  5    Str: 15    XL:     1   Next: 30%
Magic:  1/1        EV: 11    Int: 10    God:
Gold:   10         SH:  0    Dex: 11    Spells: 0/0 levels left

rFire   . . .      SeeInvis .   j - +0 war axe
rCold   . . .      Faith    .   (no shield)
rNeg    + . .      Spirit   .   b - +0 leather armour
rPois   inf        Reflect  .   (no helmet)
rElec   +          Harm     .   (no cloak)
rCorr   .          Rampage  .   (no gloves)
Will    .....                   (no boots)
Stlth   +++.......              (no amulet)
HPRegen 0.04/turn               (no ring)
MPRegen 0.07/turn               (no ring)

@: no status effects
A: sickness immunity, AC +2, negative energy resistance 1, electricity
resistance, torment resistance 1, petrification resistance
a: no special abilities


You were on level 5 of the Dungeon.
You visited 1 branch of the dungeon, and saw 1 of its levels.

You collected 10 gold pieces.


Innate Abilities, Weirdness & Mutations

You are immune to sickness and miasma.
Your stone body is resilient. (AC +2)
You are immune to poison.
You resist negative energy. (rN+)
You are resistant to electric shocks. (rElec)
You are resistant to unholy torment.
You are immune to petrification.


   Skills:
 - Level 3.2 Fighting
 + Level 2.0 Axes
 - Level 1.5 Dodging
 - Level 5.4 Stealth


You couldn't memorise any spells.
You didn't know any spells.
Your spell library was empty.

Inventory:

Hand Weapons
 j - a +0 war axe (weapon)
 k - a +0 mace
Armour
 b - a +0 leather armour (worn)
Wands
 g - a wand of digging (3)
Scrolls
 c - a scroll of fog
 d - a scroll of magic mapping
 e - a scroll of fear
 h - a scroll of enchant weapon {unknown}
 l - a scroll of identify {unknown}
Potions
 a - a potion of curing {unknown}
 f - a potion of haste
 i - a potion of invisibility {unknown}

Dungeon Overview and Level Annotations

Branches:
Dungeon (5/15)
 Temple: D:4-7

Altars:


Message History

An orc comes into view. It is wielding a +0 war axe.
Found 10 gold pieces and a scroll labelled GEURGHE QEYNN.
Enter note: The orc shouts!
Found a spear.
The orc barely misses you.
You hit the orc.
You kill the orc!
Your Axes skill increases to level 2!
j - a +0 war axe You see here a +0 leather armour.
k - a +0 mace
41 ||| SWAPPING to +0 war axe.
j - a +0 war axe (weapon)
42 ||| DROPPING +0 hand axe.
You drop a +0 hand axe.
a - a murky coppery potion You now have 10 gold pieces.
l - a scroll labelled GEURGHE QEYNN A necrophage comes into view.
55 ||| Stepping ~*~*~tactically~*~*~ (stealth).
57 ||| Stepping ~*~*~tactically~*~*~ (stealth).
You barely miss the necrophage. The necrophage hits you. x2
You hit the necrophage.
The necrophage is lightly damaged.
The necrophage hits you.
You hit the necrophage but do no damage.
The necrophage is lightly damaged.
The necrophage misses you.
You barely miss the necrophage.
The necrophage is lightly damaged.
The necrophage hits you.
The necrophage hits you but does no damage.
You closely miss the necrophage.
The necrophage is lightly damaged.
The necrophage closely misses you.
You barely miss the necrophage.
The necrophage is lightly damaged.
The necrophage closely misses you. The necrophage hits you.
You die...

##. .. # #. ####
#.#.##### ..#
#.......# #### #.#
#[##.#
.....##.###+##.##.#
......n.).......#.#
#@..........####
#...)....#.....# .
#........##.##.##.
#.........#.......
#.........#####.##
#.........# #...
#.........# ###.
#.........# #.
#########.# #.


You could see a necrophage.

Vanquished Creatures
  An orc (D:5)
1 creature vanquished.

Notes
Turn   | Place    | Note
-------+----------+-------------------------------------------
     0 | D:5      | qw the Gargoyle Delver began the quest for the Orb.
     0 | D:5      | Reached XP level 1. HP: 14/14 MP: 1/1
     0 | D:5      | 0 ||| qw: Version: 0.1-a-117-gfe26ee0
     0 | D:5      | 0 ||| qw: Game counter: 9577
     0 | D:5      | 0 ||| qw: Always use a shield: true
     0 | D:5      | 0 ||| qw: God list: Okawaru
     0 | D:5      | 0 ||| qw: Allow faded altars: false
     0 | D:5      | 0 ||| qw: Do Orc after D:15 true
     0 | D:5      | 0 ||| qw: Do second Lair branch before Depths: true
     0 | D:5      | 0 ||| qw: Lair rune preference: random
     0 | D:5      | 0 ||| qw: Plans: Normal
     0 | D:5      | 0 ||| PLANNING D:1-11
    41 | D:5      | 41 ||| SWAPPING to +0 war axe.
    42 | D:5      | 42 ||| DROPPING +0 hand axe.
    54 | D:5      | Noticed a necrophage
    55 | D:5      | 55 ||| Stepping ~*~*~tactically~*~*~ (stealth).
    57 | D:5      | 57 ||| Stepping ~*~*~tactically~*~*~ (stealth).
    66 | D:5      | HP: 2/14 [necrophage (2)]
    68 | D:5      | Slain by a necrophage

Levels and vault maps discovered:
D:5:      layout_basic

Skill      XL: |  1 |
---------------+----+-----
Axes           | 2 |  2.0
Fighting       | |  3.2
Dodging        | |  1.5
Stealth        | |  5.4

Action                   || total
-------------------------++-------
Melee: War axe           ||     6
       Hand axe          ||     1
Armor: Leather armour    ||     1
Dodge: Dodged            ||     4

Table legend:
 A = Non-vault XP
 B = Vault XP
 C = Vault XP percentage of total XP
 D = Non-vault monster count
 E = Vault monster count
 F = Vault count percentage of total count
                 A         B        C        D         E       F
            +---------+---------+-------+---------+---------+-------
      Total |       3 |       0 |   0.0 |       1 |       0 |   0.0
            +---------+---------+-------+---------+---------+-------
        D:5 |       3 |       0 |   0.0 |       1 |       0 |   0.0
            +---------+---------+-------+---------+---------+-------
